 Dungeon Crawl Stone Soup version 0.29.0-11-gd7f09526c8 (webtiles) character file.

Game seed: 13581206114737572899

65 gelatine the Vexing (level 3, -5/26 HPs)
             Began as a Demonspawn Wanderer on Sept 3, 2022.
             Killed from afar by a white imp (11 damage)
             ... with a puff of frost
             ... summoned by Natasha
             ... on level 2 of the Dungeon.
             The game lasted 00:03:46 (2117 turns).

gelatine the Vexing (Demonspawn Wanderer)           Turns: 2117, Time: 00:03:47

Health: -5/26      AC:  5    Str: 10    XL:     3   Next: 94%
Magic:  1/5        EV: 12    Int: 18    God:
Gold:   77         SH:  0    Dex: 11    Spells: 3/4 levels left

rFire   . . .      SeeInvis .   a - +0 dagger
rCold   . . .      Faith    .   (no shield)
rNeg    . . .      Spirit   .   c - +0 robe
rPois   .          Reflect  .   (no helmet)
rElec   .          Harm     .   g - +0 cloak
rCorr   .          Rampage  .   d - +0 pair of gloves
Will    .....                   (no boots)
Stlth   +.........              (no amulet)
HPRegen 0.08/turn               (no ring)
MPRegen 0.09/turn               (no ring)

@: slowed, very slow
A: hooves 1, rugged brown scales 1
a: no special abilities


You were on level 2 of the Dungeon.
You visited 1 branch of the dungeon, and saw 2 of its levels.

You collected 77 gold pieces.

Inventory:

Hand Weapons
 a - a +0 dagger (weapon)
Armour
 c - a +0 robe (worn)
 d - a +0 pair of gloves (worn)
 g - a +0 cloak (worn)
Scrolls
 b - a scroll of fear
 f - 3 scrolls of identify {unknown}
 k - 2 scrolls of butterflies {unknown}
 n - a scroll of enchant armour {unknown}
Potions
 e - 2 potions of lignification {unknown}
 h - 2 potions of ambrosia {unknown}
 i - a potion of flight {unknown}
 j - a potion of mutation {unknown}
 l - a potion of heal wounds {unknown}
 m - a potion of berserk rage {unknown}


   Skills:
 * Level 1.2 Fighting
 + Level 0.3 Short Blades
 * Level 3.1 Dodging
 * Level 1.3 Spellcasting
 * Level 1.1 Conjurations
 + Level 3.5 Hexes
 * Level 2.2 Air Magic


You had 3 spell levels left.
You knew the following spells:

 Your Spells              Type           Power      Damage    Failure   Level
a - Shock                 Conj/Air       28%        1d4       10%         1

Your spell library contained the following spells:

 Spells                   Type           Power      Damage    Failure   Level
 Slow                     Hex            56%        N/A       4%          1
 Inner Flame              Hex/Fire       7%         N/A       28%         3
 Airstrike                Air            4%         2d(1-17)  58%         4
 Summon Lightning Spire   Summ/Air       5%         N/A       77%         4


Dungeon Overview and Level Annotations

Branches:
Dungeon (2/15)

Altars:
Cheibriados

Annotations:
D:2 Natasha


Innate Abilities, Weirdness & Mutations

You have large cloven feet.
You are partially covered in rugged brown scales. (AC +1, +3% HP)


Message History

The zap hits Natasha but does no damage.
Natasha is heavily wounded.
Natasha casts a spell at you. The magic dart hits you.
Natasha stares at you and mumbles some strange words.
You feel yourself slow down. Natasha barely misses you.
You hit Natasha.
Natasha is severely wounded.
Natasha misses you. Natasha barely misses you.
You barely miss Natasha. You kick Natasha, but do no damage.
Natasha is severely wounded.
Natasha claws you but does no damage. The white imp closely misses you.
You barely miss Natasha.
Natasha is severely wounded.
Natasha claws you. The white imp gestures at you. The puff of frost hits you.
Natasha claws you but does no damage. The white imp closely misses you.
You barely miss Natasha. You kick Natasha, but do no damage.
Natasha is severely wounded.
Natasha claws you. The white imp gestures at you. The puff of frost hits you.
You miss Natasha. Your kick misses Natasha.
Natasha is severely wounded.
Natasha completely misses you. The white imp closely misses you.
You closely miss Natasha. Your kick misses Natasha.
Natasha is severely wounded.
Natasha casts a spell at you. The magic dart hits you!
* * * LOW HITPOINT WARNING * * *
The white imp misses you. Natasha claws you but does no damage.
The white imp hits you but does no damage.
You barely miss Natasha. Your kick misses Natasha.
Natasha is severely wounded.
Natasha misses you. The white imp gestures at you. The puff of frost hits you!
You die...

#. †≈≈.≈≈ ..# .# #.#
≈.≈.≈ .. .... #. #># .
≈.≈. ..#....##. #.# ..
5.§ §#........##.# ... §.
§.##..#....... ....
.#.#............
.....#####...............
.......h@5...##.###.#....
#######'#.##.##...#.....#
#.#.## ##.......##.
#.#.##.#...........
#.#....#....#.####.
#.#.............##.
#.#.####.#)##.#.##.
#.#.........#.#.##.
#.######.#..#.#....


You could see Natasha and a white imp (summoned).

Vanquished Creatures
  Natasha (D:2)
  A worm (D:2)
  3 dart slugs (D:1)
  4 bats
  3 endoplasms (D:1)
  A goblin (D:1)
  3 hobgoblins (D:1)
  2 jackals (D:1)
  2 ball pythons (D:1)
  2 frilled lizards (D:2)
  5 kobolds
  2 rats (D:2)
29 creatures vanquished.

Vanquished Creatures (others)
  5 plants (D:2)
5 creatures vanquished.

Grand Total: 34 creatures vanquished

Notes
Turn   | Place    | Note
-------+----------+-------------------------------------------
     0 | D:1      | gelatine the Demonspawn Wanderer began the quest for the
                  | Orb.
     0 | D:1      | gelatine set off with the following items: a +0 dagger, a
                  | scroll of fear, a +0 robe, a +0 pair of gloves; and the
                  | following spells available to memorise: Slow, Shock, Inner
                  | Flame, Airstrike, Summon Lightning Spire.
     0 | D:1      | Reached XP level 1. HP: 15/15 MP: 2/2
     2 | D:1      | Learned a level 1 spell: Shock
   411 | D:1      | Gained mutation: You are partially covered in rugged brown
                  | scales. (AC +1, +3% HP) [demonic ancestry]
   411 | D:1      | Reached XP level 2. HP: 10/21 MP: 1/3
  1254 | D:1      | Gained mutation: You have large cloven feet. [demonic
                  | ancestry]
  1254 | D:1      | Reached XP level 3. HP: 22/26 MP: 0/4
  1501 | D:2      | Found a snail-covered altar of Cheibriados.
  1665 | D:2      | Noticed Natasha
  1678 | D:2      | Killed Natasha
  1861 | D:2      | Reached skill level 1 in Conjurations
  2103 | D:2      | Noticed Natasha
  2117 | D:2      | Killed from afar by a white imp

Illustrated notes

Levels and vault maps discovered:
D:1:      dpeg_arrival_concentric_ovals, layout_basic, nicolae_hexahallways
D:2:      cheibrodos_old_hovel, layout_basic,
          shapermc_ecumenical_altar_starsandcircs, basic_altar, uniq_natasha

Skill      XL: |  1  2  3 |
---------------+----------+-----
Dodging        | 3 |  3.1
Air Magic      | 2 |  2.2
Conjurations   | 1 |  1.1
Fighting       | |  1.2
Short Blades   | |  0.3
Spellcasting   | |  1.3
Hexes          | |  3.5

Action                   || total
-------------------------++-------
Melee: Dagger            ||    96
       Punch             ||     1
       Kick              ||     4
 Cast: Shock             ||    53
Armor: Robe              ||    33
Dodge: Dodged            ||    67
